 Dungeon Crawl Stone Soup version 0.30-a0-234-g97d66968fd (webtiles) character file.

Game seed: 6851972355583656005

18 Essalna the Firebug (level 2, 0/16 HPs)
             Began as a Gargoyle Fire Elementalist on Oct 10, 2022.
             Slain by a quokka (1 damage)
             ... on level 1 of the Dungeon.
             The game lasted 00:02:11 (582 turns).

Essalna the Firebug (Gargoyle Fire Elementalist)     Turns: 582, Time: 00:02:12

Health: 0/16       AC:  4    Str: 11    XL:     2   Next: 70%
Magic:  1/5        EV: 11    Int: 15    God:
Gold:   15         SH:  0    Dex: 10    Spells: 4/5 levels left

rFire   + . .      SeeInvis .    (no weapon)
rCold   x . .      Faith    .    (no shield)
rNeg    + . .      Spirit   .    a - +0 robe
rPois   ∞          Reflect  .    (no helmet)
rElec   +          Harm     .    (no cloak)
rCorr   .          Rampage  .    (no gloves)
Will    .....                    (no boots)
Stlth   ++........               (no amulet)
HPRegen 0.22/turn                d - ring of fire
MPRegen 0.09/turn                (no ring)

@: no status effects
A: sickness immunity, AC +2, negative energy resistance 1, electricity
resistance, torment resistance 1, petrification resistance
a: no special abilities


You were on level 1 of the Dungeon.
You visited 1 branch of the dungeon, and saw 2 of its levels.

You collected 15 gold pieces.

Inventory:

Armour
 a - a +0 robe (worn)
Jewellery
 d - a ring of fire (left hand)
Scrolls
 c - a scroll of identify


   Skills:
 + Level 1.2 Fighting
 - Level 1.5 Dodging
 - Level 2.1 Stealth
 - Level 2.0 Spellcasting
 + Level 1.8 Conjurations
 + Level 3.3 Fire Magic


You had 4 spell levels left.
You knew the following spells:

 Your Spells              Type           Power      Damage    Failure   Level
a - Foxfire               Conj/Fire      52%        2x1d6     8%          1

Your spell library contained the following spells:

 Spells                   Type           Power      Damage    Failure   Level
 Scorch                   Fire           34%        2d6       9%          2
 Poisonous Vapours        Pois/Air       2%         N/A       32%         2
 Inner Flame              Hex/Fire       9%         N/A       34%         3
 Kindle Blastsparks       Fire/Tloc/Air  14%        2d11      38%         3
 Mephitic Cloud           Conj/Pois/Air  3%         N/A       45%         3
 Flame Wave               Conj/Fire      13%        2d6       58%         4
 Cigotuvi's Dreadful Rot  Necr/Pois/Air  Unusable   N/A       N/A         2

Dungeon Overview and Level Annotations

Branches:
Dungeon (2/15)

Altars:


Innate Abilities, Weirdness & Mutations

You are immune to sickness and miasma.
Your stone body is resilient. (AC +2)
You are immune to poison.
You resist negative energy. (rN+)
You are resistant to electric shocks. (rElec)
You are resistant to unholy torment.
You are immune to petrification.


Message History

The jackal is heavily wounded.
The foxfire hits the jackal but does no damage.
The jackal is heavily wounded.
The foxfire hits the jackal.
The jackal is severely wounded.
The foxfire hits the jackal.
You kill the jackal!
The quokka barely misses you.
The foxfire hits the quokka.
The quokka is severely wounded.
The quokka barely misses you. The quokka attacks as you move away!
The quokka misses you. The quokka attacks as you move away!
The quokka closely misses you.
Your magical contamination has completely faded away.
The quokka attacks as you move away! The quokka barely misses you.
The quokka bites you. The quokka attacks as you move away!
The quokka closely misses you.
Casting: Foxfire (safe; 8% risk of failure)
Confirm with . or Enter, or press ? or * to list all spells.
You feel a surge of power!
You miscast Foxfire.
You are very lightly contaminated with residual magic.
Nothing appears to happen.
The quokka barely misses you.
You closely miss the quokka.
The quokka is severely wounded.
The quokka completely misses you. The frilled lizard closely misses you.
The quokka bites you. The quokka attacks as you move away!
The quokka bites you.
* * * LOW HITPOINT WARNING * * *
As you read the scroll labelled ZUBLUFITUM, it crumbles to dust.
It is a scroll of identify.
You don't have any unidentified items.
The quokka completely misses you. The quokka closely misses you.
Your magical contamination has completely faded away.
The quokka attacks as you move away!
The quokka bites you but does no damage.
The quokka attacks as you move away! The quokka bites you.
* * * LOW HITPOINT WARNING * * *
The quokka closely misses you. The quokka attacks as you move away!
The quokka bites you.
You die...

#.# ## #.###.###.... #.#
##.# #.####.## ##.# ..#
#...#.... #..##.# ##
###'####. #....## #.#
##....## #.###l###..
#.......
#.####.#.#.#.####..#....
#..# ##r##.......####...
#..# #@###.####..#####.
#..# #.# ##...#### #..#
#.# #.....## #..# #.#
#§...... #..# #.# .
###.....
######..####.###.
#####..##.
#.......[....##..
#....###
#.####†.#######.# #.####
#..# #.# #.#


You could see a quokka and a frilled lizard.

Vanquished Creatures
  3 bats
  A giant cockroach (D:1)
  A goblin (D:1)
  2 hobgoblins (D:2)
  3 jackals (D:1)
  A kobold (D:1)
  A quokka (D:1)
  2 ball pythons (D:2)
  A frilled lizard (D:2)
15 creatures vanquished.

Vanquished Creatures (others)
  56 foxfires
56 creatures vanquished.

Grand Total: 71 creatures vanquished

Notes
Turn   | Place    | Note
-------+----------+-------------------------------------------
     0 | D:1      | Essalna the Gargoyle Fire Elementalist began the quest for
                  | the Orb.
     0 | D:1      | Reached XP level 1. HP: 10/10 MP: 3/3
   184 | D:1      | Reached XP level 2. HP: 16/16 MP: 0/5
   185 | D:1      | Reached skill level 1 in Fighting
   582 | D:1      | Slain by a quokka

Illustrated notes

Levels and vault maps discovered:
D:1:      dpeg_arrival_long_road, layout_loops_ring,
          wander_ebering_terrifying_dragon_lair
D:2:      layout_basic, st_stairs_5, uniq_jessica, uniq_crazy_yiuf_cottage

Skill      XL: |  1  2 |
---------------+-------+-----
Fighting       | 1 |  1.2
Dodging        | |  1.5
Stealth        | |  2.1
Spellcasting   | |  2.0
Conjurations   | |  1.8
Fire Magic     | |  3.3

Action                   || total
-------------------------++-------
Melee: Unarmed           ||     6
 Cast: Foxfire           ||    35
  Use: Scroll            ||     1
       Potion            ||     1
Armor: Robe              ||    18
Dodge: Dodged            ||    40

Table legend: (Time is in decaauts)
 A = Elapsed time spent in this place.
 B = Non-inter-level travel time spent in this place.
 C = Inter-level travel time spent in this place.
 D = Time resting spent in this place.
 E = Time spent auto-exploring this place.
 F = Levels seen in this place.
 G = Mean time per level.
                   A        B        C        D        E       F      G
               +--------+--------+--------+--------+--------+-----+--------+
         Total |    582 |    580 |      2 |     66 |    357 |   2 |  291.0 |
       Dungeon |    582 |    580 |      2 |     66 |    357 |   2 |  291.0 |
               +--------+--------+--------+--------+--------+-----+--------+

Top non-repeatable levels by time:
     D:1: 400 daAuts
     D:2: 181 daAuts
